 Dungeon Crawl Stone Soup version 0.14-a0-1546-g4b4961f (webtiles) character file.

127 M4edhros the Poker (level 3, 0/26 HPs)
             Began as an Octopode Chaos Knight on Dec 19, 2013.
             Was a Plaything of Xom.
             Slain by a raven (8 damage)
             ... on Level 2 of the Dungeon.
             The game lasted 00:01:04 (1242 turns).

M4edhros the Poker (Octopode Chaos Knight)          Turns: 1242, Time: 00:01:04

HP   0/26        AC  1     Str 11      XL: 3   Next: 47%
MP   3/3         EV 12     Int 15      God: Xom
Gold 88          SH  0     Dex 10 (11) Spells:  0 memorised,  2 levels left

rFire  . . .     SeeInvis +     a - +0 spear (chaos)
rCold  . . .     Clarity  .     (no shield)
rNeg   . . .     Conserve .     (helmet restricted)
rPois  .         rCorr    .     (no amulet)
rElec  +         rRot     .     g - ring of teleport control
SustAb . .       Spirit   .     h - ring of see invisible
rMut   .         Warding  .     (no ring)
Saprov . . .     Stasis   .     (no ring)
                                (no ring)
                                (no ring)
                                (no ring)
                                (no ring)

@: not resistant to hostile enchantments, fairly stealthy
A: almost no armour, amphibious, 8 rings, constrict 8, camouflage 1, electricity
resistance, gelatinous body 1
a: Renounce Religion, Evoke Teleport Control


You were on level 2 of the Dungeon.
You worshipped Xom.
You were Xom's teddy bear.
You were very hungry.

You visited 1 branch of the dungeon, and saw 2 of its levels.

You collected 88 gold pieces.

Inventory:

Hand weapons
 a - a +0,+0 spear of chaos (weapon)
Comestibles
 c - 3 bread rations
 j - a choko
Scrolls
 d - a scroll of enchant armour {unknown}
 e - 5 scrolls of identify {unknown}
 l - a scroll of magic mapping {unknown}
 m - 2 scrolls of remove curse {unknown}
Jewellery
 g - a ring of teleport control (left tentacle)
 h - a ring of see invisible (right tentacle)
 i - a +2 ring of dexterity {unknown}
Potions
 b - a potion of flight {unknown}
 f - 3 potions of curing {unknown}
 k - a potion of heal wounds {unknown}


   Skills:
 - Level 3.0 Fighting
 + Level 4.4 Polearms
 - Level 2.3 Dodging


You had 2 spell levels left.
You didn't know any spells.

Dungeon Overview and Level Annotations

Branches:
Dungeon (2/16)

Altars:


Innate Abilities, Weirdness & Mutations

You cannot wear most types of armour.
You are amphibious.
You can wear up to eight rings at the same time.
You can use your tentacles to constrict many enemies at once.
Your skin changes colour to match your surroundings (Stlth).
Your rubbery body absorbs attacks (AC +1).
You are resistant to electric shocks.


Message History

A worm is nearby!
You hit the worm. You grab the worm.
The worm is moderately wounded.
You constrict the worm. The worm bites you.
A worm is nearby!
You hit the worm.
The worm is moderately wounded.
You constrict the worm.
You are feeling very hungry.
A worm is nearby!
You hit the worm.
You lose your grip on the raven.
The worm evaporates and reforms as a raven!
Your grab misses the raven.
The raven is lightly wounded.
The raven pecks you but does no damage. The raven claws you.
You barely miss the raven. You grab the raven.
The raven is lightly wounded.
You constrict the raven. The raven pecks you. The raven claws you!
You die...
Xom cackles wildly!

#.#..#.#..#.# #....#
#.#'##.####.# #....#
#...........# #....#######
#.#'##.####.# #...........
#.#..+.'..#.# ###.########
#.#..#.#..#.# #.#
#.####.##'#.# #.#
#...........# #.#
#.####.##@#.# #.# .#.#
+.+.b#.# #.# ##### #.#.#
#.#..#[# ###.####....
#.#.#+##.####.###.....##.###
#.#...........#.....).##.#
#.#.#+##.####.#.#.....##.#
#.#.# #.#.#.....##.# #.#.#
#.#.########.# #.#.####.##
#.#.#......#.#


You could see a raven.

Vanquished Creatures
  An adder (D:2)
  3 bats (D:1)
  4 giant cockroaches (D:1)
  2 goblins (D:1)
  6 hobgoblins
  5 jackals
  A kobold (D:1)
  A giant newt (D:2)
  5 rats (D:1)
28 creatures vanquished.

Notes
Turn   | Place    | Note
--------------------------------------------------------------
     0 | D:1      | M4edhros, the Octopode Chaos Knight, began the quest for the Orb.
     0 | D:1      | Reached XP level 1. HP: 16/16 MP: 1/1
    18 | D:1      | XOM: divination: detect items
    58 | D:1      | XOM: harmless Hex miscast
    79 | D:1      | XOM: stat loss: -1 Dex (10/11)
    99 | D:1      | Reached XP level 2. HP: 15/21 MP: 2/2
   102 | D:1      | XOM: mild Ice miscast
   244 | D:1      | Reached skill level 4 in Polearms
   353 | D:1      | Reached XP level 3. HP: 22/26 MP: 3/3
   426 | D:1      | XOM: 4-stop teleportation journey
   661 | D:1      | XOM: medium Fire miscast
   848 | D:2      | Gained mutation: You are resistant to electric shocks. [potion of beneficial mutation]
   949 | D:2      | XOM: 2-stop teleportation journey
  1241 | D:2      | Noticed a raven
  1241 | D:2      | a worm changed into a raven
  1242 | D:2      | Slain by a raven

Action                   || total
-------------------------++-------
Melee: Spear             ||    83
  Use: Potion            ||     1
 Stab: Sleeping          ||     6
       Paralysed         ||     4
